 Dungeon Crawl Stone Soup version 0.15.1-3-g1b33baa (webtiles) character file.

658357 Psiweapon the Acrobat (level 27, -1/172 HPs)
             Began as a Kobold Enchanter on Sept 14, 2014.
             Was the Champion of Dithmenos.
             Killed from afar by an orb of fire (19 damage)
             ... with a bolt of fire
             ... on Level 5 of the Realm of Zot on Oct 4, 2014.
             The game lasted 19:05:03 (111399 turns).

Psiweapon the Acrobat (Kobold Enchanter)          Turns: 111399, Time: 19:05:04

HP  -1/172       AC 22     Str  7      XL: 27
MP  43/43        EV 33     Int 16      God: Dithmenos [******]
Gold 5266        SH  0     Dex 16      Spells: 17 memorised,  0 levels left

rFire  + . .     SeeInvis .     a - +9 quick blade (vamp)
rCold  + + .     Clarity  +     T - +6 leather armour of Tulips {+Blink rPois}
rNeg   . . .     rCorr    .     (no shield)
rPois  +         rRot     .     k - +2 helmet (curse)
rElec  +         Spirit   .     O - +0 cloak of Starlight {rElec rC+ EV+4 Stlth-}
SustAb .         Warding  .     z - +3 pair of gauntlets of War {Slay+5}
rMut   .         Rnd*Tele +     i - +2 pair of boots {Stlth+}
Gourm  .                        W - amulet of clarity
MR     ++...                    M - ring of protection from fire
                                m - +5 ring of slaying

@: very slightly contaminated, hasted, wreathed by umbra, very quick, very
resistant to hostile enchantments, uncannily stealthy
A: berserk 2, blurry vision 2, carnivore 3, clumsy 2, cold resistance 1,
deterioration 2, dopey 2, poison resistance, teleportitis 1, weak 1, no device
heal 1, forlorn, placid magic 2
a: Shadow Step, Shadow Form, Renounce Religion, Evoke Blink
}: 4/15 runes: decaying, serpentine, silver, abyssal


You were on level 5 of the Realm of Zot.
You worshipped Dithmenos.
Dithmenos was exalted by your worship.
You were not hungry.

You visited 10 branches of the dungeon, and saw 56 of its levels.
You visited the Abyss 1 time.
You visited 1 Ziggurat, and saw 7 of its levels.
You also visited: Labyrinth, Ice Cave and Wizlab.

You collected 8415 gold pieces.
You spent 3149 gold pieces at shops.

Inventory:

Hand weapons
 a - a +9 vampiric quick blade (weapon)
 h - the +6 short sword "Worm" {pain, rF+ Str+1 SInv}
   (You found it on level 1 of the Abyss)

   In the hands of one skilled in necromantic magic, it inflicts extra damage on
   living creatures.
   It affects your strength (+1).
   It protects you from fire.
   It enhances your eyesight.
 p - a +6 arbalest of velocity
Missiles
 y - 53 bolts of penetration
 G - 957 bolts
Armour
 i - a +2 pair of boots of stealth (worn)
 k - a cursed +2 helmet (worn)
 z - the +3 pair of gauntlets of War (worn) {Slay+5}
   (You found it on level 3 of the Elven Halls)

   It affects your accuracy and damage with ranged weapons and melee attacks
   (+5).
 K - the +1 cloak of Gozag's Approval {rC+ MR+}
   (You found it in a wizard's laboratory)

   It protects you from cold.
   It affects your resistance to hostile enchantments.
 O - the +0 cloak of Starlight (worn) {rElec rC+ EV+4 Stlth-}
   (You found it in a wizard's laboratory)

   It affects your evasion (+4).
   It protects you from cold.
   It insulates you from electricity.
   It makes you less stealthy.
 T - the +6 leather armour of Tulips (worn) {+Blink rPois}
   (You found it on level 3 of the Elven Halls)

   It protects you from poison.
   It lets you blink.
Magical devices
 f - a wand of hasting (3)
 r - a wand of heal wounds (4)
 s - a wand of draining (3)
 w - a wand of digging (11)
 I - a wand of cold (3)
 N - a wand of teleportation (4)
Comestibles
 J - 14 meat rations
Scrolls
 g - 4 scrolls of fog
 l - 21 scrolls of remove curse
 v - 5 scrolls of identify
 H - 3 scrolls of recharging
 R - 6 scrolls of vulnerability
 X - 6 scrolls of blinking
Jewellery
 d - an uncursed ring of protection from magic
 e - the ring "Icwumaa" {rC+ rN+ SInv}
   (You found it on level 3 of the Abyss)

   [ring of positive energy]

   It protects you from cold.
   It protects you from negative energy.
   It enhances your eyesight.
 m - a +5 ring of slaying (left hand)
 n - an uncursed ring of teleportation
 A - the ring of Liewuele {+cTele rN+}
   (You took it off a vampire mage on level 2 of the Depths)

   [ring of teleport control]

   It can be evoked for teleport control.
   It protects you from negative energy.
 D - an uncursed amulet of resist mutation
 M - a ring of protection from fire (right hand)
 V - an uncursed ring of fire
 W - an amulet of clarity (around neck)
 Y - a +6 ring of evasion
 Z - an uncursed ring of invisibility
Potions
 c - 3 potions of resistance
 o - 2 potions of heal wounds
 x - 11 potions of curing
 B - 4 potions of haste
 C - 5 potions of magic
 E - 4 potions of brilliance
 F - 4 potions of cancellation
 L - 8 potions of restore abilities
 S - 3 potions of might
 U - 2 potions of agility
Miscellaneous
 j - a crystal ball of energy
 u - a phial of floods (inert)
 P - a stone of tremors
 Q - a fan of gales


   Skills:
 + Level 17.2 Fighting
 - Level 13.1(13.4) Short Blades
   Level 3.1(6.4) Long Blades
   Level 0.6 Maces & Flails
 - Level 22.0 Crossbows
 - Level 1.8 Throwing
 - Level 7.4 Armour
 - Level 22.1 Dodging
 - Level 20.4 Stealth
 - Level 15.4 Spellcasting
 - Level 8.6 Conjurations
 - Level 16.7 Hexes
 - Level 4.1 Charms
 - Level 16.3 Necromancy
 - Level 9.8 Translocations
 - Level 10.7 Ice Magic
 - Level 7.5 Invocations
 - Level 12.1 Evocations


You couldn't memorise any spells.
You knew the following spells:

 Your Spells              Type           Power        Failure   Level  Hunger
a - Portal Projectile     Tloc           ###...       0%          3    None
b - Ensorcelled Hibernat  Hex/Ice        ####..       0%          2    None
c - Animate Skeleton      Necr           N/A          0%          1    None
d - Confuse               Hex            ####....     0%          3    None
e - Phase Shift           Tloc           ###.......   1%          5    ###....
f - Enslavement           Hex            ####....     0%          4    #......
g - Sure Blade            Hex/Chrm       ###.......   0%          2    None
h - Dazzling Spray        Conj/Hex       ####....     0%          3    None
i - Repel Missiles        Chrm/Air       #.....       1%          2    None
j - Flight                Chrm/Air       #.........   1%          3    None
k - Swiftness             Chrm/Air       #.......     1%          2    None
l - Metabolic Englaciati  Hex/Ice        ####......   0%          5    ###....
m - Animate Dead          Necr           N/A          0%          4    #......
n - Death Channel         Necr           ####......   0%          6    ######.
o - Bolt of Draining      Conj/Necr      ####......   0%          5    ###....
p - Dispel Undead         Necr           ####....     0%          5    ###....
q - Apportation           Tloc           ###.......   0%          1    None


Dungeon Overview and Level Annotations

Branches:
Dungeon (15/15)            Temple (1/1) D:7             Orc (4/4) D:9
    Elf (3/3) Orc:3          Lair (8/8) D:11          Swamp (5/5) Lair:3
  Snake (5/5) Lair:6        Slime (0/6) Lair:8       Vaults (5/5) D:13
  Crypt (0/3) Vaults:3     Depths (5/5) D:15            Zot (5/5) Depths:5

Altars:
Ashenzari
Cheibriados
Dithmenos
Elyvilon
Fedhas
Kikubaaqudgha
Makhleb
Nemelex Xobeh
Okawaru
Qazlal
Sif Muna
Trog
Vehumet
Xom
Yredelemnul
Zin
The Shining One
Beogh

Shops:
D:11 =   D:13 =   Orc:4 }!?[%   Elf:1 (   Vaults:3 *(?!:   Vaults:4 (!
Depths:5 [

Portals:
Hell: Depths:1 Depths:2 Depths:3 Depths:5
Abyss: Depths:4
Pandemonium: Depths:3

Annotations:
Vaults:2 1 exclusion
Vaults:5 CHECK SURROUNDINGS THERE'S A TITAN! ! !
Depths:3 Air elementals, iron/shadow/storm dragons, ugly things! Tengus! !!!!!1!!one!
Zot:5 exclusion: ice statue


Innate Abilities, Weirdness & Mutations

You are small and have problems with some larger weapons.
You are carnivorous and can eat meat at any time.
You often lose your temper in combat.
Your vision is quite blurry.
You are very clumsy. (Dex -4)
Your flesh is cold resistant.
Your body is deteriorating.
You are very dopey. (Int -4)
Your system is resistant to poisons.
Space occasionally distorts in your vicinity.
You are weak. (Str -2)
Potions and wands are less effective at restoring your health.
You have difficulty communicating with the divine.
Your spells are easier to cast, but less powerful.


Message History

The fireball engulfs the orb of fire.
The orb of fire completely resists.
Drink which item? (? for menu, Esc to quit)
You feel much better.
Drink which item? (? for menu, Esc to quit)
You feel much better.
The orb of fire glows yellow.
The fireball explodes!
The fireball engulfs you! You resist.
* * * LOW HITPOINT WARNING * * *
The fireball engulfs the orb of fire.
The orb of fire completely resists.
Drink which item? (? for menu, Esc to quit)
You feel much better.
The orb of fire glows yellow.
The fireball explodes!
The fireball engulfs you! You resist.
* * * LOW HITPOINT WARNING * * *
The fireball engulfs the orb of fire.
The orb of fire completely resists.
Drink which item? (? for menu, Esc to quit)
You feel much better.
The orb of fire glows yellow.
The bolt of fire hits you! You resist.
You die...

▓▓▓▓▓▓▓▓▓▓▓▓▓▓▓
***▓...§§@§§.....▓▓▓▓
***.....§.§*§.........▓▓
**,,,.....§§§§..........▓▓ ***
*,,,,....................▓
,,***,,,,.......(............▓
,,,**,,,,,......(...........▓▓
,,,,*,,,,,,....(....^......▓▓
,,,,,,,,,,.....(..........▓▓
,,,,*,,,,,.................▓*


You could see an orb of fire.

Vanquished Creatures
  6 orbs of fire (Zot:5)
  An ancient lich (Zot:5)
  Saint Roka (Depths:5)
  2 curse toes (Zot:5)
  2 Killer Klowns (Zot:5)
  Mara (Depths:2)
  6 golden dragons
  4 bone dragons
  2 electric golems (Zot:5)
  12 tentacled monstrosities
  9 Orb Guardians (Zot:5)
  2 quicksilver dragons
  A deep elf blademaster (Abyss:3)
  4 titans
  4 deep elf master archers (Elf:3)
  9 storm dragons
  An eldritch tentacle (WizLab)
  An Executioner (Abyss:2)
  20 tentacled starspawn
  4 liches
  6 sphinxes
  Rupert (Lair:7)
  Agnes (Vaults:2)
  2 thorn hunters
  Frances (Elf:2)
  Kirke (Snake:2)
  6 greater nagas
  5 tengu reavers
  2 draconian monks
  7 shadow dragons
  Donald (Swamp:1)
  3 draconian scorchers
  Wiglaf (Vaults:1)
  3 ghost moths (Zot:5)
  Maud (D:13)
  16 deep elf sorcerers
  9 fire giants
  2 balrugs (Abyss:3)
  10 frost giants
  4 iron dragons
  Aizul (Swamp:2)
  15 vault wardens
  2 cacodemons (Abyss:3)
  2 draconian knights (Zot:5)
  An emperor scorpion (Depths:2)
  A war gargoyle (Zig:5)
  2 orc warlords
  An angel (Abyss:2)
  A ghoul (Zig:7)
  Jorgrun (Vaults:1)
  A spriggan defender (Depths:5)
  A reaper (Abyss:3)
  8 very ugly things
  23 stone giants
  A draconian caller (Depths:5)
  9 deep elf demonologists
  3 vampire knights
  2 ophanim (Abyss:3)
  A green draconian (Zot:3)
  2 grey draconians
  13 deep elf annihilators
  A white draconian (Zot:5)
  4 black draconians
  4 red draconians
  A mottled draconian (Zot:5)
  2 pale draconians
  A purple draconian (Zot:3)
  4 yellow draconians
  4 dire elephants
  3 lorocyprocas
  16 ettins
  An eidolon (Abyss:2)
  A death ooze (Swamp:5)
  2 blizzard demons (Abyss:3)
  6 deep elf death magi
  23 vault guards
  5 green deaths
  5 minotaurs
  4 deep elf high priests
  13 fire dragons
  A jiangshi (Zig:7)
  7 ice dragons
  22 ogre magi
  12 rakshasas
  17 ironheart preservers
  5 death cobs
  6 great orbs of eyes
  16 naga warriors
  15 yaktaur captains
  16 hydras
  3 spriggan air magi
  A quicksilver dragon skeleton (Abyss:2)
  Nessos (Orc:3)
  5 centaur warriors
  A ghost crab (Zig:7)
  Erica (D:14)
  An alligator snapping turtle (shapeshifter) (Vaults:4)
  3 deep troll shamans
  A shambling mangrove (Swamp:4)
  5 deep troll earth magi
  11 alligators
  3 anacondas
  A dancing weapon (Vaults:5)
  13 death yaks
  14 tengu warriors
  4 shock serpents
  2 vampire magi
  16 thrashing horrors
  14 naga sharpshooters
  4 hell hogs (Abyss:3)
  6 shadow wraiths
  11 hell knights
  A soul eater (WizLab)
  An orc high priest (Vaults:2)
  4 spriggan berserkers
  The ghost of Psiweapon the Cruncher, an experienced GrGl of Cheibriados (D:9)
  Nergalle (D:10)
  20 deep elf knights
  A fire crab (Vaults:1)
  A fire crab (shapeshifter) (Depths:1)
  18 wretched stars
  7 sun demons
  3 catoblepae
  An iron troll (Depths:2)
  2 ice devils
  10 unseen horrors
  4 spriggans
  A salamander mystic (Snake:5)
  A skeletal warrior (Zig:4)
  A sea snake (shapeshifter) (Depths:2)
  4 spatial maelstroms
  25 deep trolls
  7 deep elf summoners
  3 shadow demons
  8 swamp dragons
  45 large abominations
  3 giant orange brains
  A death drake (shapeshifter) (Vaults:5)
  4 wizards
  6 naga ritualists
  5 flayed ghosts
  An orb spider (shapeshifter) (D:15)
  A silver statue (WizLab)
  15 deep elf conjurers
  9 hill giants
  A swamp dragon (shapeshifter) (D:15)
  24 orc knights
  20 ironbrand convokers
  A lindwurm (Lair:8)
  7 necromancers
  An orc sorcerer (Vaults:1)
  2 harpies (Vaults:1)
  7 griffons
  4 mana vipers
  2 red wasps (shapeshifter)
  64 ugly things
  A stone giant zombie (Abyss:1)
  2 draconians (shapeshifter)
  3 red wasps
  11 moths of wrath
  A manticore (shapeshifter) (Vaults:2)
  5 wolf spiders
  A hellion (Abyss:3)
  7 cyclopes
  4 manticores
  9 worldbinders
  2 centaur zombies
  3 guardian serpents
  4 apocalypse crabs
  2 octopodes (shapeshifter)
  15 salamanders
  6 sixfirhies
  2 stone giant skeletons (Depths:1)
  A guardian serpent (shapeshifter) (Elf:1)
  A fire giant skeleton (Vaults:5)
  A phantasmal warrior (Zig:7)
  Maurice (D:9)
  19 black mambas
  19 elephants
  A molten gargoyle (Depths:2)
  A black mamba (shapeshifter) (Depths:2)
  13 vault sentinels
  5 orange demons
  28 naga magi
  A centaur skeleton (D:13)
  An item mimic (Swamp:2)
  20 spiny frogs
  3 torpor snails
  An emperor scorpion zombie (Abyss:2)
  3 iron devils
  13 smoke demons
  10 hellwings
  A spiny frog (shapeshifter) (Elf:2)
  56 yaktaurs
  A tengu conjurer (D:15)
  3 swamp worm zombies (Swamp:4)
  2 efreet (Abyss:3)
  A komodo dragon (shapeshifter) (Vaults:5)
  A yaktaur (shapeshifter) (D:9)
  2 blue devils
  A ghoul skeleton (Zig:7)
  9 komodo dragons
  4 red devils
  48 starcursed masses
  16 trolls
  A harpy zombie (Vaults:1)
  9 fire drakes
  2 tormentors (Zig:3)
  A wandering mushroom (Abyss:2)
  3 demonic crawlers
  A hell beast (Swamp:5)
  3 kobold demonologists
  10 giant leeches
  2 silent spectres (Abyss:3)
  A hydra zombie (Swamp:4)
  10 ancient zymes
  14 deep elf priests
  25 raiju
  28 ravens
  6 freezing wraiths
  A queen bee (shapeshifter) (Depths:1)
  4 baby alligators
  10 bog bodies
  An iron dragon simulacrum (Vaults:5)
  A wind drake (shapeshifter) (Depths:4)
  2 polar bears (shapeshifter)
  42 slime creatures
  48 two-headed ogres
  34 blink frogs
  An ice dragon zombie (Abyss:3)
  A raven (shapeshifter) (Depths:5)
  4 boulder beetles
  A catoblepas skeleton (Abyss:3)
  20 ynoxinuls
  5 basilisks
  3 redbacks (shapeshifter)
  A stone giant simulacrum (Abyss:3)
  6 redbacks (Vaults:2)
  2 trapdoor spiders
  5 air elementals
  7 yellow wasps
  An ettin skeleton (Abyss:3)
  A tarantella (Vaults:3)
  A wyvern (shapeshifter) (Abyss:3)
  7 flying skulls (Abyss:3)
  6 wraiths
  A human (shapeshifter) (Vaults:3)
  An ice dragon skeleton (Depths:1)
  14 humans (D:13)
  5 water elementals
  6 shadows
  4 vampires
  A fire elemental (WizLab)
  4 hungry ghosts
  A tarantella (shapeshifter) (Vaults:1)
  23 vampire mosquitoes
  A fire bat (shapeshifter) (Vaults:3)
  10 golden eyes (Abyss:3)
  A spriggan (shapeshifter) (D:15)
  63 yaks
  2 hogs (shapeshifter) (Vaults:5)
  Grum (D:8)
  22 wolves
  A fire bat (Abyss:2)
  33 deep elf fighters
  7 chaos spawn
  21 deep elf magi
  15 neqoxecs
  A yak (shapeshifter) (D:14)
  30 swamp worms
  9 hippogriffs
  The ghost of lennard the Vexing, an average SpEn of Kikubaaqudgha (D:4)
  A merfolk zombie (Abyss:2)
  5 spatial vortices
  4 steam dragons
  8 wargs
  A mottled dragon (shapeshifter) (Vaults:5)
  50 nagas
  2 deep troll skeletons
  A hippogriff (shapeshifter) (Vaults:4)
  A spiny frog zombie (Abyss:2)
  2 mottled dragons
  A torturous demonspawn skeleton (WizLab)
  A sky beast (shapeshifter) (D:15)
  34 water moccasins
  9 swamp drakes
  17 porcupines
  35 small abominations
  32 orc warriors
  4 spiders (Snake:2)
  A phantom (D:4)
  9 hell hounds
  90 ogres
  A black bear (D:10)
  A boring beetle (Zig:6)
  A fire dragon simulacrum (Abyss:3)
  12 boggarts
  15 centaurs
  8 ice beasts
  25 crocodiles
  A necrophage (D:9)
  4 sky beasts
  A swamp dragon skeleton (Abyss:3)
  A lost soul (Vaults:3)
  7 brain worms
  29 giant frogs
  12 insubstantial wisps
  A gnoll sergeant (D:9)
  A water moccasin zombie (Swamp:4)
  5 scorpions
  3 elf zombies
  2 cyclops skeletons
  A wyvern skeleton (D:14)
  4 eyes of draining
  A yak zombie (D:9)
  24 killer bees
  An electric eel (Zot:3)
  7 wights
  A troll skeleton (D:9)
  4 crimson imps
  9 quasits
  A goliath beetle (shapeshifter) (Vaults:5)
  A giant frog skeleton (D:11)
  30 orc priests
  10 hounds
  A human simulacrum (Vaults:1)
  7 jellies
  A soldier ant zombie (D:9)
  A gnoll shaman (D:6)
  7 iron imps
  A basilisk skeleton (D:15)
  12 iguanas
  Natasha (thrice) (D:3)
  37 orc wizards
  10 orange rats
  10 worker ants
  An ogre zombie (D:11)
  A big kobold skeleton (D:8)
  A giant frog simulacrum (D:9)
  2 hound skeletons
  2 worker ant zombies
  3 mummies
  11 gnolls
  25 adders
  81 green rats
  4 shadow imps
  11 white imps
  A worm (shapeshifter) (Abyss:2)
  27 worms
  A giant mite (D:8)
  13 ufetubi
  An adder zombie (D:10)
  2 giant geckos
  8 oozes
  179 orcs
  3 ball pythons
  16 bats
  5 giant cockroaches
  9 goblins
  15 hobgoblins
  12 jackals
  16 kobolds
  13 quokkas
  A giant gecko zombie (D:6)
  4 giant newts
  4 giant spores
  A gnoll skeleton (D:5)
  A hobgoblin skeleton (D:3)
  A jackal skeleton (D:11)
  A kobold skeleton (D:6)
  An orc zombie (Abyss:3)
  A quokka skeleton (D:11)
  37 rats
  2 rat skeletons
  A rat zombie (D:4)
  12 ballistomycetes
  An eldritch tentacle segment (WizLab)
  A fungus (Lair:5)
  3 plants
  3 starspawn tentacles
  2 starspawn tentacle segments
3087 creatures vanquished.

Vanquished Creatures (collateral kills)
  2 orbs of fire (Zot:5)
  2 golden dragons
  Xtahua (Vaults:3)
  2 tentacled monstrosities (Vaults:5)
  An Orb Guardian (Zot:5)
  A titan (Vaults:5)
  3 sphinxes
  A lich (Depths:3)
  2 storm dragons
  A tentacled starspawn (Abyss:3)
  A shadow dragon (Vaults:5)
  3 fire giants
  A deep elf sorcerer (Elf:3)
  3 frost giants
  A balrug (Depths:5)
  5 vault wardens (Vaults:5)
  A draconian zealot (Depths:5)
  2 stone giants
  2 rakshasas (Depths:4)
  A very ugly thing (Depths:2)
  A draconian shifter (Zot:5)
  A deep elf annihilator (Vaults:3)
  A war gargoyle (Vaults:3)
  3 green draconians (Depths:5)
  A dire elephant (Depths:2)
  2 black draconians
  A purple draconian (Zot:5)
  3 ettins
  A deep elf death mage (Vaults:5)
  9 vault guards (Vaults:5)
  10 yaktaur captains
  A great orb of eyes (Depths:2)
  An ice dragon (Zot:5)
  3 ironheart preservers
  A death cob (Zot:4)
  A hydra (Swamp:2)
  A naga warrior (Snake:5)
  A ravenous item mimic (Vaults:5)
  An anaconda (Snake:5)
  2 deep troll shamans
  4 ogre magi
  3 deep troll earth magi
  A hell hog (Abyss:3)
  A tengu warrior (Depths:4)
  2 thrashing horrors
  A sun demon (Depths:5)
  A vampire mage (Zig:7)
  A hell knight (Depths:5)
  A soul eater (Depths:1)
  2 deep elf knights
  A titan skeleton (Vaults:5)
  4 large abominations
  An iron troll (Depths:4)
  6 deep trolls
  A giant orange brain (D:15)
  A deathcap (Zot:5)
  A hill giant (D:11)
  4 orc knights
  3 ironbrand convokers
  A mana viper (shapeshifter) (D:9)
  3 ugly things
  A phantasmal warrior (Vaults:5)
  4 deep elf conjurers
  A sixfirhy (Abyss:3)
  A frost giant zombie (Depths:2)
  2 necromancers
  A moth of wrath (shapeshifter) (Vaults:2)
  A griffon (Vaults:1)
  3 cyclopes
  A wolf spider (Vaults:5)
  A salamander (Snake:2)
  A fire giant zombie (Depths:1)
  2 elf zombies (Zig:7)
  5 black mambas
  3 human skeletons
  A guardian serpent (shapeshifter) (Vaults:3)
  A manticore (shapeshifter) (Vaults:5)
  8 naga magi
  An octopode (Vaults:5)
  4 vault sentinels
  A molten gargoyle (Depths:2)
  A smoke demon (Vaults:5)
  A spiny frog (Lair:3)
  An orange demon (Elf:3)
  6 yaktaurs
  3 fire drakes (Lair:8)
  A hellwing (Depths:1)
  A demonic crawler (Abyss:3)
  8 wandering mushrooms
  A troll (Orc:4)
  A komodo dragon (Lair:7)
  An ancient zyme (Abyss:2)
  A tengu conjurer (Depths:4)
  3 deep elf priests
  2 freezing wraiths
  2 two-headed ogres (Vaults:3)
  3 blink frogs
  5 slime creatures
  A raiju (shapeshifter) (Vaults:4)
  An ettin zombie (Vaults:4)
  2 bog bodies
  6 nagas
  3 ravens
  A baby alligator (shapeshifter) (Vaults:1)
  A griffon zombie (Vaults:1)
  3 deep elf magi
  A flying skull (Abyss:3)
  An ettin skeleton (Depths:1)
  A wraith (D:14)
  A fire elemental (Zot:4)
  A fire dragon skeleton (D:14)
  7 deep elf fighters
  A hungry ghost (D:11)
  A wyvern (D:13)
  2 shadows
  7 humans (D:13)
  An air elemental (Depths:5)
  A wolf (Lair:7)
  A neqoxec (Abyss:3)
  A tengu zombie (Depths:2)
  10 vampire mosquitoes
  6 swamp worms
  3 wargs
  Menkaure (D:5)
  A human zombie (Depths:5)
  A porcupine (shapeshifter) (Abyss:3)
  2 swamp drakes
  A porcupine (Lair:3)
  2 hell hounds (Abyss:3)
  7 water moccasins
  9 orc warriors
  4 small abominations
  A manticore zombie (D:10)
  4 centaurs
  A deep dwarf (shapeshifter) (Depths:2)
  A sky beast (D:11)
  3 spiders (Snake:2)
  7 ogres
  3 crocodiles
  A black bear (Lair:1)
  An ogre (shapeshifter) (Vaults:3)
  A naga skeleton (Snake:5)
  A lost soul (Vaults:5)
  A big kobold (D:6)
  A vampire mosquito zombie (Vaults:1)
  2 giant frogs
  A water moccasin skeleton (Swamp:4)
  2 killer bees
  3 orc priests
  A starcursed mass (Abyss:2)
  A crimson imp (D:11)
  A quasit (Abyss:3)
  5 worker ants
  2 jellies
  4 orc wizards
  A kobold skeleton (D:12)
  4 hounds
  A worker ant zombie (D:11)
  A gnoll (D:6)
  9 green rats
  6 adders
  2 shadow imps
  A giant mite (D:10)
  3 worms
  4 ufetubi (Abyss:3)
  2 orc skeletons
  44 orcs
  A giant cockroach (D:3)
  4 hobgoblins
  7 jackals
  3 quokkas
  A bat (D:8)
  A giant newt (D:4)
  2 goblins
  4 kobolds
  A kobold zombie (D:6)
  A lurking horror (Abyss:3)
  2 orc zombies
  4 rats
  9 ballistomycetes
  5 fungi
  2 plants (Lair:8)
  A starspawn tentacle (Abyss:3)
474 creatures vanquished.

Vanquished Creatures (others)
  Margery (Depths:5)
  An eldritch tentacle (WizLab)
  A tentacled starspawn (Abyss:3)
  A tengu reaver (Vaults:5)
  2 vault wardens
  A mottled draconian (Zot:5)
  A yellow draconian (Zot:5)
  An ice dragon (Zot:5)
  A titan zombie (Vaults:5)
  A guardian serpent skeleton (Swamp:2)
  4 storm dragon zombies
  A storm dragon skeleton (Vaults:1)
  3 large abominations (Abyss:3)
  4 golden dragon zombies
  4 tengu zombies
  An anaconda skeleton (Snake:5)
  2 shadow dragon zombies (Vaults:5)
  2 ugly thing zombies (Depths:5)
  An iron dragon zombie (Depths:3)
  A sphinx zombie (Depths:4)
  2 fire giant zombies
  6 stone giant zombies
  A shining eye (Abyss:3)
  2 frost giant zombies
  3 sphinx skeletons
  3 draconian zombies
  A hell hog skeleton (Abyss:3)
  A draconian skeleton (Zot:5)
  A frost giant skeleton (Depths:4)
  8 ugly thing skeletons
  A dire elephant zombie (Depths:5)
  2 stone giant skeletons (Vaults:3)
  A naga mage (Snake:5)
  4 air elementals
  2 shock serpent skeletons
  3 water elementals
  A black draconian zombie (Zot:5)
  A deep dwarf skeleton (Vaults:1)
  A dire elephant skeleton (Depths:2)
  A pale draconian zombie (Zot:5)
  A yellow draconian zombie (Zot:5)
  An efreet (Abyss:3)
  A green draconian zombie (Depths:5)
  An orange demon (Swamp:5)
  A starcursed mass (Abyss:3)
  An iron troll zombie (Depths:2)
  A freezing wraith (Vaults:5)
  A minotaur zombie (Depths:2)
  5 death yak skeletons
  An ettin zombie (Depths:3)
  2 ice dragon zombies
  2 ravens (Depths:3)
  2 hydra skeletons (Swamp:5)
  A red wasp zombie (Vaults:5)
  4 deep elf magi
  A two-headed ogre (Orc:4)
  2 fire dragon zombies
  A griffon zombie (Vaults:4)
  4 ettin skeletons
  2 fire dragon skeletons
  A spriggan skeleton (Depths:5)
  An alligator skeleton (Swamp:5)
  13 shadows
  9 black mamba skeletons
  3 hill giant skeletons
  4 humans (Snake:2)
  A deep elf fighter (Depths:5)
  4 deep troll zombies
  3 raven zombies
  25 elf skeletons
  4 raven skeletons
  A salamander skeleton (Snake:5)
  15 human zombies
  2 spiny frog skeletons (Lair:8)
  A yellow wasp (shapeshifter) (Depths:2)
  A small abomination (Abyss:3)
  11 deep troll skeletons
  A boggart (Depths:4)
  3 manticore skeletons
  A swamp drake (Depths:5)
  An orc warrior (Vaults:4)
  3 lost souls
  2 ogres
  32 naga skeletons
  7 blink frog skeletons
  A torpor snail zombie (Depths:3)
  7 elephant skeletons
  2 swamp dragon skeletons (Swamp:5)
  7 yaktaur zombies
  An octopode zombie (Vaults:5)
  18 yaktaur skeletons
  A cyclops skeleton (Vaults:2)
  2 hell hound skeletons (Abyss:2)
  5 spriggan zombies
  A troll zombie (Vaults:4)
  2 warg skeletons
  4 hippogriff skeletons
  19 elf zombies
  A troll skeleton (Orc:4)
  4 tengu skeletons
  2 raiju skeletons (Abyss:3)
  13 yak skeletons
  2 wolf skeletons
  A yellow wasp zombie (Depths:5)
  6 giant frog skeletons
  A hound (D:10)
  An orc wizard (D:10)
  A bog body skeleton (Swamp:5)
  2 orc priests
  8 centaur skeletons
  4 two-headed ogre zombies
  A basilisk skeleton (Lair:8)
  16 two-headed ogre skeletons
  2 porcupine skeletons
  A spriggan simulacrum (Abyss:3)
  A mottled dragon skeleton (D:12)
  7 ogre zombies
  3 dwarf skeletons
  32 human skeletons
  3 crocodile skeletons
  27 ogre skeletons
  2 hound skeletons
  An adder (D:10)
  3 steam dragon skeletons (Lair:8)
  A swamp drake skeleton (Swamp:5)
  A white imp (Abyss:3)
  4 ufetubi (IceCv)
  An adder skeleton (D:10)
  2 iguana skeletons
  3 orcs
  3 bat skeletons
  2 green rat skeletons
  A giant newt skeleton (D:4)
  5 giant spores
  2 gnoll skeletons
  A goblin skeleton (D:4)
  6 hobgoblin skeletons
  5 jackal skeletons
  2 kobold skeletons
  2 lurking horrors
  67 orc skeletons
  21 orc zombies
  6 quokka skeletons
  7 rat skeletons
  4657 eldritch tentacle segments (WizLab)
  3 fungi
  3 plants
  47 starspawn tentacles
  290 starspawn tentacle segments
5620 creatures vanquished.

Grand Total: 9181 creatures vanquished

Notes
Turn   | Place    | Note
--------------------------------------------------------------
     0 | D:1      | Psiweapon, the Kobold Enchanter, began the quest for the Orb.
     0 | D:1      | Reached XP level 1. HP: 10/10 MP: 3/3
   277 | D:1      | Reached XP level 2. HP: 12/15 MP: 2/4
   591 | D:1      | Learned a level 2 spell: Ensorcelled Hibernation
   984 | D:1      | Reached XP level 3. HP: 19/19 MP: 3/6
  1371 | D:2      | Reached XP level 4. HP: 24/24 MP: 0/7
  1530 | D:2      | Reached skill level 5 in Stealth
  2210 | D:3      | Learned a level 1 spell: Animate Skeleton
  2370 | D:2      | Reached skill level 1 in Ice Magic
  2370 | D:2      | Reached XP level 5. HP: 28/28 MP: 6/9
  2758 | D:3      | Noticed Natasha
  2763 | D:3      | Killed Natasha
  2884 | D:3      | Noticed Natasha
  2918 | D:3      | Killed Natasha
  2921 | D:3      | Noticed Natasha
  2926 | D:3      | Killed Natasha
  3056 | D:3      | Learned a level 3 spell: Confuse
  3604 | D:3      | Reached XP level 6. HP: 33/33 MP: 6/11
  4166 | D:4      | Noticed lennard's ghost (average SpEn)
  4244 | D:4      | Found a shattered altar of Ashenzari.
  4245 | D:4      | Noticed a phantom
  4249 | D:4      | Reached skill level 1 in Necromancy
  4304 | D:4      | Killed a phantom
  4506 | D:5      | Entered Level 5 of the Dungeon
  4534 | D:5      | Reached XP level 7. HP: 29/37 MP: 0/14
  4682 | D:5      | Reached skill level 6 in Stealth
  4701 | D:5      | Noticed an ice beast
  4738 | D:5      | Killed an ice beast
  4955 | D:5      | Noticed Menkaure
  4963 | D:5      | Killed Menkaure
  4963 | D:5      | Reached skill level 5 in Hexes
  5062 | D:5      | Reached XP level 8. HP: 30/42 MP: 3/17
  5185 | D:5      | Reached skill level 5 in Dodging
  5361 | D:4      | Found a sparkling altar of Nemelex Xobeh.
  5391 | D:4      | Reached skill level 1 in Fighting
  5593 | D:4      | Noticed an ogre
  5599 | D:4      | Killed an ogre
  5715 | D:4      | Noticed an ogre
  5719 | D:4      | Killed an ogre
  5725 | D:4      | Noticed a sky beast
  5731 | D:4      | Killed a sky beast
  5731 | D:4      | Reached skill level 7 in Stealth
  6860 | D:6      | Reached XP level 9. HP: 47/47 MP: 13/20
  6869 | D:6      | Reached skill level 8 in Stealth
  7474 | D:7      | Found a staircase to the Ecumenical Temple.
  7485 | D:6      | Reached skill level 5 in Spellcasting
  7559 | Temple   | Entered the Ecumenical Temple
  7793 | Temple   | Became a worshipper of Dithmenos the Shadowed
  7885 | D:7      | Learned a level 2 spell: Blink
  8372 | D:7      | Reached skill level 9 in Stealth
  8464 | D:7      | Noticed an angel
  8465 | D:7      | Found a glowing silver altar of Zin.
  8727 | D:8      | Found a stormy altar of Qazlal.
  8782 | D:8      | Reached skill level 10 in Stealth
  8790 | D:8      | Noticed Grum
  8814 | D:8      | Killed Grum
  8814 | D:8      | Reached XP level 10. HP: 36/52 MP: 4/23
  9489 | D:9      | Noticed Maurice
  9492 | D:9      | Killed Maurice
  9492 | D:9      | Reached skill level 11 in Stealth
  9522 | D:9      | Acquired Dithmenos' first power
  9559 | D:9      | Found an iron altar of Okawaru.
  9559 | D:9      | Noticed a mana viper
  9559 | D:9      | a komodo dragon changed into a mana viper
  9562 | D:9      | Noticed a guardian serpent
  9562 | D:9      | a queen bee changed into a guardian serpent
  9572 | D:9      | a guardian serpent changed into a yaktaur
  9579 | D:9      | Killed a mana viper
  9579 | D:9      | Reached skill level 1 in Evocations
  9602 | D:9      | Reached skill level 1 in Throwing
  9735 | D:9      | Found a radiant altar of Vehumet.
  9774 | D:9      | Noticed Psiweapon's ghost (experienced GrGl)
  9781 | D:10     | Entered Level 10 of the Dungeon
  9784 | D:10     | Noticed Nergalle
  9790 | D:10     | Killed Nergalle
  9790 | D:10     | Reached XP level 11. HP: 44/58 MP: 23/26
  9956 | D:10     | Reached skill level 5 in Ice Magic
 10282 | D:10     | Found a stormy altar of Qazlal.
 10675 | D:10     | Noticed a hill giant
 10681 | D:10     | Killed a hill giant
 10681 | D:10     | Reached skill level 12 in Stealth
 11080 | D:11     | Found Kotun's Jewellery Boutique.
 11095 | D:11     | Noticed a white ugly thing
 11101 | D:11     | Killed a white ugly thing
 11103 | D:11     | Found a staircase to the Lair.
 11132 | D:11     | Acquired Dithmenos' second power
 11234 | D:11     | Identified a scroll of acquirement
 11785 | D:11     | Learned a level 4 spell: Enslavement
 12027 | D:11     | Noticed a hill giant
 12047 | D:11     | Killed a hill giant
 12267 | Lair:1   | Entered Level 1 of the Lair of Beasts
 12408 | Lair:1   | Noticed a seven-headed hydra
 12413 | Lair:1   | Killed a seven-headed hydra
 12413 | Lair:1   | Reached skill level 13 in Stealth
 12413 | Lair:1   | Reached XP level 12. HP: 64/64 MP: 23/28
 12438 | Lair:1   | Gained mutation: You are resistant to hostile enchantments. [potion of beneficial mutation]
 13061 | Lair:2   | Gained mutation: Your magical capacity is low (-10% MP). [potion of mutation]
 13061 | Lair:2   | Gained mutation: You heal slowly when monsters are visible. [potion of mutation]
 13061 | Lair:2   | Lost mutation: Your magical capacity is low (-10% MP). [potion of mutation]
 13065 | Lair:2   | Learned a level 2 spell: Sure Blade
 13069 | Lair:2   | Learned a level 3 spell: Dazzling Spray
 13143 | Lair:2   | Reached skill level 5 in Short Blades
 13356 | Lair:2   | Reached skill level 14 in Stealth
 13577 | Lair:2   | Acquired Dithmenos' third power
 14275 | Lair:3   | Noticed a five-headed hydra
 14578 | Lair:3   | Reached skill level 15 in Stealth
 14616 | Lair:3   | Got a steaming shield
 14617 | Lair:3   | Identified the cursed -1 shield of Defiance {Str+2} (You found it on level 3 of the Lair of Beasts)
 14795 | Lair:3   | Found a staircase to the Swamp.
 14813 | Lair:3   | Reached XP level 13. HP: 70/70 MP: 27/29
 14979 | Lair:3   | Killed a five-headed hydra
 15350 | Lair:4   | Found a frozen archway.
 15369 | IceCv    | Entered an ice cave
 15992 | Lair:4   | Got a transparent helmet
 16003 | Lair:4   | Identified the cursed -5 helmet "Geoset" {rPois Dex-2 Curse} (You found it on level 4 of the Lair of Beasts)
 16456 | Lair:5   | Reached skill level 16 in Stealth
 16469 | Lair:5   | Reached skill level 1 in Invocations
 16564 | Lair:5   | Found a labyrinth entrance.
 16576 | Lab      | Entered a labyrinth
 17107 | Lab      | Noticed a minotaur
 17117 | Lab      | Killed a minotaur
 17132 | Lab      | Identified a cursed +4 rod of ignition (12/12) (You took it off a minotaur in a labyrinth)
 17530 | Lair:5   | Got a steaming falchion
 17608 | Lair:5   | Reached skill level 10 in Dodging
 18169 | Lair:6   | Identified the cursed +3 falchion of Ackesmul {slice, -Cast rPois MR++ Str-1 Dex-2 SInv} (You found it on level 5 of the Lair of Beasts)
 18493 | Lair:6   | Found a staircase to the Snake Pit.
 18608 | Lair:6   | Reached XP level 14. HP: 64/76 MP: 25/31
 18624 | Lair:6   | Reached skill level 17 in Stealth
 19564 | Lair:7   | Noticed Rupert
 19621 | Lair:7   | Killed Rupert
 19855 | Lair:7   | Reached skill level 10 in Short Blades
 19880 | Lair:7   | Learned a level 2 spell: Repel Missiles
 20000 | Lair:7   | Acquired Dithmenos' fourth power
 20363 | Lair:6   | Reached skill level 5 in Evocations
 20571 | Lair:2   | Learned a level 3 spell: Flight
 20730 | Lair:8   | Entered Level 8 of the Lair of Beasts
 21212 | Lair:8   | Found a staircase to the Slime Pits.
 21396 | Lair:8   | Reached XP level 15. HP: 80/80 MP: 32/32
 21570 | Lair:8   | Reached skill level 10 in Evocations
 22036 | Lair:8   | Got an encrusted ring mail
 22185 | Lair:8   | Reached skill level 5 in Fighting
 22602 | Lair:2   | Identified the +3 ring mail "Ossoj" {rF+ SInv} (You found it on level 8 of the Lair of Beasts)
 22831 | Lair:2   | Learned a level 2 spell: Swiftness
 23475 | D:12     | Gained mutation: You are clumsy. (Dex -2) [mutagenic meat]
 23476 | D:12     | Gained mutation: Your body is slowly deteriorating. [mutagenic meat]
 23726 | Lair:2   | Lost mutation: You are clumsy. (Dex -2) [potion of cure mutation]
 23726 | Lair:2   | Lost mutation: You heal slowly when monsters are visible. [potion of cure mutation]
 23726 | Lair:2   | Lost mutation: You are resistant to hostile enchantments. [potion of cure mutation]
 23726 | Lair:2   | Lost mutation: Your body is slowly deteriorating. [potion of cure mutation]
 23727 | Lair:2   | Gained mutation: Your body is slowly deteriorating. [potion of mutation]
 23727 | Lair:2   | Gained mutation: You are agile. (Dex +2) [potion of mutation]
 23727 | Lair:2   | Gained mutation: You can breathe flames. [potion of mutation]
 23728 | Lair:2   | Lost mutation: You are agile. (Dex +2) [potion of cure mutation]
 23728 | Lair:2   | Lost mutation: You can breathe flames. [potion of cure mutation]
 23728 | Lair:2   | Lost mutation: Your body is slowly deteriorating. [potion of cure mutation]
 24372 | D:12     | Gained mutation: Your system is resistant to poisons. [mutagenic meat]
 24373 | D:12     | Gained mutation: You have supernaturally acute eyesight. [mutagenic meat]
 24704 | D:13     | Noticed Maud
 24710 | D:13     | Noticed an orc warlord
 24715 | D:13     | Killed an orc warlord
 24719 | D:13     | Killed Maud
 24719 | D:13     | Reached skill level 5 in Invocations
 24918 | D:13     | Found Onwism's Jewellery Shoppe.
 25186 | D:14     | Reached XP level 16. HP: 92/92 MP: 27/32
 25225 | D:15     | Entered Level 15 of the Dungeon
 25444 | D:13     | Found a gate to the Vaults.
 25449 | D:13     | Reached skill level 5 in Necromancy
 26074 | D:14     | Noticed Erica
 26079 | D:14     | Killed Erica
 26814 | D:14     | Reached skill level 10 in Hexes
 27366 | D:14     | Reached skill level 10 in Spellcasting
 27444 | D:14     | Learned a level 5 spell: Metabolic Englaciation
 28138 | D:15     | Reached skill level 18 in Stealth
 29080 | D:9      | Your ally Maurice died
 29222 | D:9      | Found a staircase to the Orcish Mines.
 29376 | D:9      | Found a basalt altar of Yredelemnul.
 29458 | D:9      | Killed Psiweapon's ghost
 29458 | D:9      | Reached skill level 1 in Charms
 29510 | D:9      | Found a glowing golden altar of the Shining One.
 29539 | Orc:1    | Entered Level 1 of the Orcish Mines
 29955 | Orc:1    | Reached skill level 1 in Conjurations
 30562 | Orc:3    | Noticed Nessos
 30566 | Orc:3    | Found a staircase to the Elven Halls.
 30598 | Orc:3    | Killed Nessos
 31482 | Orc:2    | Found a roughly hewn altar of Beogh.
 31548 | Orc:2    | Reached XP level 17. HP: 87/96 MP: 16/34
 31715 | Orc:4    | Entered Level 4 of the Orcish Mines
 31715 | Orc:4    | Found Buahud's Gadget Emporium.
 31737 | Orc:4    | Bought a wand of heal wounds (4) for 624 gold pieces
 31956 | Orc:4    | Found Klafa's Food Emporium.
 32381 | Orc:4    | Found Schohiv's Distillery.
 32383 | Orc:4    | Found Nehedit's Magic Scroll Boutique.
 32395 | Orc:4    | Found Ogackaf's Armour Shoppe.
 32434 | Orc:4    | Bought a potion of heal wounds for 45 gold pieces
 32434 | Orc:4    | Bought a potion of curing for 30 gold pieces
 32434 | Orc:4    | Bought a potion of heal wounds for 45 gold pieces
 32434 | Orc:4    | Bought a potion of curing for 30 gold pieces
 32434 | Orc:4    | Bought a potion of beneficial mutation for 525 gold pieces
 32437 | Orc:4    | Gained mutation: Your flesh is cold resistant. [potion of beneficial mutation]
 33030 | D:14     | Your ally Erica died
 33673 | Swamp:1  | Entered Level 1 of the Swamp
 33688 | Swamp:1  | Reached skill level 19 in Stealth
 33738 | Swamp:1  | Noticed Donald
 33741 | Swamp:1  | Killed Donald
 34877 | Swamp:2  | Noticed Aizul
 34886 | Swamp:2  | Killed Aizul
 35141 | Swamp:2  | Your ally Aizul died
 36209 | Swamp:4  | Reached skill level 20 in Stealth
 36256 | Swamp:4  | Reached XP level 18. HP: 101/101 MP: 24/34
 37482 | Swamp:5  | Entered Level 5 of the Swamp
 38362 | Swamp:5  | Reached skill level 1 in Crossbows
 38616 | Swamp:5  | Reached skill level 5 in Crossbows
 38734 | Swamp:5  | Got a decaying rune of Zot
 38744 | Swamp:5  | HP: 5/101 [death ooze (24)]
 39431 | Snake:1  | Entered Level 1 of the Snake Pit
 40851 | Snake:1  | Found a radiant altar of Vehumet.
 41434 | Snake:2  | Noticed Kirke
 41438 | Snake:2  | Killed Kirke
 43032 | Snake:4  | Reached XP level 19. HP: 106/106 MP: 35/35
 43037 | Snake:4  | Reached skill level 15 in Dodging
 43344 | Snake:4  | Found a basalt altar of Yredelemnul.
 43532 | Snake:5  | Entered Level 5 of the Snake Pit
 45499 | Snake:5  | Reached skill level 10 in Crossbows
 45844 | Snake:5  | Upgraded the game from 0.15.0-34-g666c3a1 to 0.15.1
 45887 | Snake:5  | Reached skill level 10 in Ice Magic
 47288 | Snake:5  | Got a serpentine rune of Zot
 48701 | D:4      | Killed lennard's ghost
 49452 | D:15     | Found a staircase to the Depths.
 49557 | Depths:1 | Entered Level 1 of the Depths
 49828 | Depths:1 | Reached XP level 20. HP: 109/111 MP: 17/36
 49982 | Depths:1 | Found a sparkling altar of Nemelex Xobeh.
 50257 | Depths:1 | Found a gateway to Hell.
 50958 | Depths:1 | Upgraded the game from 0.15.1 to 0.15.1-1-gfacfea3
 51850 | Lair:2   | Learned a level 3 spell: Portal Projectile
 52026 | Vaults:1 | Entered Level 1 of the Vaults
 52089 | Vaults:1 | Reached skill level 1 in Translocations
 53256 | Vaults:1 | Noticed Jorgrun
 53267 | Vaults:1 | Killed Jorgrun
 53470 | Vaults:1 | Your ally Jorgrun died
 54326 | Vaults:1 | Noticed Wiglaf
 54332 | Vaults:1 | Killed Wiglaf
 54332 | Vaults:1 | Reached XP level 21. HP: 94/116 MP: 34/36
 54534 | Vaults:1 | Reached skill level 5 in Translocations
 54555 | Vaults:1 | Gained mutation: Your muscles are strong. (Str +2) [mutagenic glow]
 56407 | Lair:2   | Learned a level 4 spell: Control Undead
 56582 | Vaults:2 | Noticed Agnes
 56584 | Vaults:2 | Killed Agnes
 58260 | Vaults:3 | Found Teunune's General Store.
 58264 | Vaults:3 | Found Uqietic's Antique Weapon Boutique.
 58516 | Vaults:3 | Found a staircase to the Crypt.
 58516 | Vaults:3 | Found a basalt altar of Yredelemnul.
 58517 | Vaults:3 | Found an ancient bone altar of Kikubaaqudgha.
 58989 | Vaults:3 | Found Thriucs' Magic Scroll Boutique.
 59298 | Vaults:3 | Noticed Xtahua
 59318 | Vaults:3 | Killed Xtahua
 59344 | Vaults:3 | Found Evvianus' Distillery.
 59655 | Vaults:3 | Reached XP level 22. HP: 120/120 MP: 5/38
 60044 | Vaults:3 | Reached skill level 10 in Necromancy
 60065 | Vaults:3 | Found Fenk's Book Shop.
 60603 | Lair:2   | Learned a level 6 spell: Death Channel
 61979 | Lair:2   | Learned a level 4 spell: Animate Dead
 62219 | Vaults:4 | Reached skill level 15 in Crossbows
 62625 | Orc:4    | Bought a scroll of torment for 75 gold pieces
 62625 | Orc:4    | Bought a scroll of blinking for 75 gold pieces
 63704 | Vaults:4 | Found Hakhlyt's Distillery.
 63792 | Vaults:4 | Bought a potion of heal wounds for 45 gold pieces
 63792 | Vaults:4 | Bought a potion of heal wounds for 45 gold pieces
 63792 | Vaults:4 | Bought a potion of heal wounds for 45 gold pieces
 63792 | Vaults:4 | Bought 2 potions of haste for 210 gold pieces
 63939 | Vaults:4 | Found Maerea's Weapon Shoppe.
 64067 | Vaults:4 | Got a polished cloak
 64078 | Vaults:4 | Identified the +0 cloak of Joxire {rN+ Dex+3 Slay-4 Stlth+} (You acquired it on level 4 of the Vaults)
 64186 | Vaults:4 | Found a roughly hewn altar of Beogh.
 65880 | D:11     | Bought an uncursed amulet of warding for 180 gold pieces
 66138 | Vaults:5 | Entered Level 5 of the Vaults
 66180 | Vaults:5 | Reached XP level 23. HP: 83/125 MP: 15/39
 66277 | Vaults:5 | HP: 2/125 [tengu reaver/fireball (42)]
 66434 | Vaults:5 | Learned a level 5 spell: Bolt of Draining
 66774 | Vaults:5 | Reached skill level 5 in Conjurations
 67636 | Vaults:5 | Noticed a golden dragon
 67796 | Vaults:5 | Noticed a golden dragon
 67808 | Vaults:5 | Killed a golden dragon
 68049 | Vaults:5 | Killed a golden dragon
 68781 | Vaults:5 | Reached skill level 10 in Fighting
 68783 | Vaults:5 | Got a crude bronze ring
 68791 | Vaults:5 | Identified the ring of Ephemeral Luck {SustAb rPois} (You took it off a vault warden on level 5 of the Vaults)
 69118 | Vaults:5 | Reached XP level 24. HP: 133/137 MP: 36/40
 70456 | Vaults:5 | Got a silver rune of Zot
 70592 | Vaults:5 | Identified the Tome of Conjuration and Flight (You found it on level 5 of the Vaults)
 74596 | Elf:1    | Entered Level 1 of the Elven Halls
 74883 | Elf:1    | Reached skill level 1 in Armour
 75267 | Elf:1    | Found Pyokku's Weapon Shoppe.
 75521 | Elf:2    | Noticed Frances
 75546 | Elf:2    | Killed Frances
 75739 | Elf:2    | Your ally Frances died
 76133 | Elf:3    | Entered Level 3 of the Elven Halls
 76617 | Elf:3    | Reached skill level 5 in Armour
 77134 | Elf:3    | Got a transparent jade ring
 77135 | Elf:3    | Identified the ring "Soicoi Tuur" {rPois SInv} (You took it off a deep elf master archer on level 3 of the Elven Halls)
 77168 | Elf:3    | Reached XP level 25. HP: 145/145 MP: 27/41
 77369 | Elf:3    | Identified the Grimoire of Slavery and Conjuration (You found it on level 3 of the Elven Halls)
 77377 | Elf:3    | Got a slimy dagger
 77378 | Elf:3    | Identified the -1 dagger of Immorality {stab, +Blink rElec rF++} (You found it on level 3 of the Elven Halls)
 77461 | Elf:3    | Identified the Catalogue of Spatial Evil Magic (You found it on level 3 of the Elven Halls)
 77464 | Elf:3    | Got a sparkling steel ring
 77465 | Elf:3    | Identified the ring "Zuizy" {Contam rPois Str+1 Dex+2} (You found it on level 3 of the Elven Halls)
 77518 | Elf:3    | Identified the Tome of the Eternal Void (You found it on level 3 of the Elven Halls)
 78509 | Elf:3    | Identified the Tome of Floating Aid (You found it on level 3 of the Elven Halls)
 78512 | Elf:3    | Got a smoking leather armour
 78514 | Elf:3    | Identified the cursed +6 leather armour of Tulips {+Blink rPois} (You found it on level 3 of the Elven Halls)
 80414 | Depths:1 | Got a fine ring mail
 81066 | Depths:2 | Noticed Mara
 81753 | Orc:3    | Your ally Nessos died
 82288 | Depths:2 | Noticed Psiweapon's illusion
 82622 | Depths:2 | Noticed Psiweapon's illusion
 82625 | Depths:2 | Killed Mara
 83383 | Depths:2 | Got a faintly glowing granite ring
 83796 | Vaults:3 | Bought a scroll of identify for 20 gold pieces
 83796 | Vaults:3 | Bought a scroll of identify for 20 gold pieces
 83796 | Vaults:3 | Bought a scroll of identify for 20 gold pieces
 83796 | Vaults:3 | Bought a scroll of identify for 20 gold pieces
 83796 | Vaults:3 | Bought a scroll of identify for 20 gold pieces
 83800 | Vaults:3 | Identified the ring of Liewuele {+cTele rN+} (You took it off a vampire mage on level 2 of the Depths)
 83801 | Vaults:3 | Identified the +1 ring mail "Nadwaf" {rN+ Int-1 Slay+4} (You found it on level 1 of the Depths)
 84433 | Depths:3 | Found a magical portal.
 84528 | WizLab   | Entered The Roulette of Golubria
 84532 | WizLab   | Found a corrupted altar of Lugonu.
 85031 | WizLab   | Identified the Incunabulum of Translocation
 85178 | WizLab   | Got a slimy cloak
 85201 | WizLab   | Got a pitted cloak
 85232 | WizLab   | Identified the +1 cloak of Gozag's Approval {rC+ MR+} (You found it in a wizard's laboratory)
 85233 | WizLab   | Identified the +2 cloak "Crubo" {rF+} (You found it in a wizard's laboratory)
 85237 | WizLab   | Got a distressingly furry cloak
 85238 | WizLab   | Identified the cursed -1 cloak of the Hells {Dex-2} (You found it in a wizard's laboratory)
 86990 | Lair:2   | Learned a level 5 spell: Phase Shift
 87269 | Depths:3 | Found a one-way gate leading to the halls of Pandemonium.
 87729 | Depths:3 | Identified the Reference Book on Attacks
 88081 | Depths:3 | Reached XP level 26. HP: 126/154 MP: 4/41
 88785 | Depths:3 | Got a heavy robe
 88799 | Depths:3 | Identified the +2 robe "Deses" {SInv} (You found it on level 3 of the Depths)
 88952 | Depths:3 | Identified a cursed +3 rod of striking (11/11) (You took it off a fire giant on level 3 of the Depths)
 89002 | Depths:3 | Paralysed by a vampire knight for 3 turns
 89032 | Depths:3 | Found a gateway to a ziggurat.
 89040 | Zig:1    | Entered Level 1 of a ziggurat
 89087 | Zig:2    | Entered Level 2 of a ziggurat
 89109 | Zig:3    | Entered Level 3 of a ziggurat
 89252 | Zig:4    | Entered Level 4 of a ziggurat
 89412 | Zig:5    | Entered Level 5 of a ziggurat
 89483 | Zig:6    | Entered Level 6 of a ziggurat
 89572 | Zig:7    | Entered Level 7 of a ziggurat
 89737 | Zig:7    | Identified a +1 rod of destruction (13/13) (You found it on level 7 of a ziggurat)
 91226 | Depths:4 | Found a one-way gate to the infinite horrors of the Abyss.
 91615 | Depths:5 | Entered Level 5 of the Depths
 91620 | Depths:5 | Found Otsed's Armour Boutique.
 91855 | Depths:5 | Found a gate to the Realm of Zot.
 91990 | Depths:5 | Reached skill level 21 in Crossbows
 92231 | Depths:5 | Reached XP level 27. HP: 142/164 MP: 29/42
 92455 | Depths:5 | Noticed Saint Roka
 92523 | Depths:5 | Killed Saint Roka
 92539 | Depths:5 | Noticed Margery
 92554 | Depths:5 | Your ally Saint Roka died
 92561 | Depths:5 | Killed Margery
 92898 | Depths:5 | Found a glowing golden altar of the Shining One.
 92903 | Depths:5 | Reached skill level 15 in Fighting
 93821 | Snake:3  | Got a distressingly furry ring mail
 93822 | Snake:3  | Identified the +2 ring mail of the Six Deaths {rElec Int+4 Curse} (You found it on level 3 of the Snake Pit)
 94477 | Depths:4 | Voluntarily entered the Abyss.
 94491 | Abyss:1  | Found a corrupted altar of Lugonu.
 94579 | Abyss:1  | Got a jewelled short sword
 94580 | Abyss:1  | Identified the +6 short sword "Worm" {pain, rF+ Str+1 SInv} (You found it on level 1 of the Abyss)
 95351 | Abyss:2  | Found a corrupted altar of Lugonu.
 95369 | Abyss:2  | Paralysed by accursed screaming for 1 turns
 95696 | Abyss:2  | Paralysed by accursed screaming for 1 turns
 96152 | Abyss:2  | Found a corrupted altar of Lugonu.
 96163 | Abyss:2  | Found a corrupted altar of Lugonu.
 96464 | Abyss:2  | Found a burning altar of Makhleb.
 96831 | Abyss:2  | Reached skill level 22 in Crossbows
 97042 | Abyss:2  | Reached skill level 1 in Long Blades
 97420 | Abyss:2  | Upgraded the game from 0.15.1-1-gfacfea3 to 0.15.1-2-g8fbdab7
 97647 | Abyss:2  | Gained mutation: You tend to lose your temper in combat. [a neqoxec]
 97868 | Abyss:2  | Found a corrupted altar of Lugonu.
 98248 | Abyss:3  | Got a pair of heavily runed gloves
 98249 | Abyss:3  | Identified the +1 pair of gloves of Ruemuus {Dex+3 Int+4} (You found it on level 3 of the Abyss)
 98600 | Abyss:3  | Identified Vaenwe's Volume of the Glacier (You found it on level 3 of the Abyss)
 98606 | Abyss:3  | Identified Sif Muna's Volume of Unstable Sinister Magic (You found it on level 3 of the Abyss)
 99146 | Abyss:3  | Found a radiant altar of Vehumet.
 99188 | Abyss:3  | Reached skill level 15 in Hexes
 99217 | Abyss:3  | Found an ancient bone altar of Kikubaaqudgha.
 99217 | Abyss:3  | Found a white marble altar of Elyvilon.
 99218 | Abyss:3  | Found a basalt altar of Yredelemnul.
 99218 | Abyss:3  | Found a burning altar of Makhleb.
 99219 | Abyss:3  | Found a bloodstained altar of Trog.
 99219 | Abyss:3  | Found an iron altar of Okawaru.
 99219 | Abyss:3  | Found a glowing golden altar of the Shining One.
 99220 | Abyss:3  | Found a shadowy altar of Dithmenos.
 99221 | Abyss:3  | Found a shattered altar of Ashenzari.
 99221 | Abyss:3  | Found a glowing silver altar of Zin.
 99223 | Abyss:3  | Found a sparkling altar of Nemelex Xobeh.
 99223 | Abyss:3  | Found a deep blue altar of Sif Muna.
 99224 | Abyss:3  | Found a shimmering altar of Xom.
 99225 | Abyss:3  | Found a stormy altar of Qazlal.
 99225 | Abyss:3  | Found a blossoming altar of Fedhas.
 99226 | Abyss:3  | Found a snail-covered altar of Cheibriados.
 99351 | Abyss:3  | Found a shattered altar of Ashenzari.
 99352 | Abyss:3  | Found a shimmering altar of Xom.
 99353 | Abyss:3  | Found a sparkling altar of Nemelex Xobeh.
 99353 | Abyss:3  | Found a deep blue altar of Sif Muna.
 99355 | Abyss:3  | Found a blossoming altar of Fedhas.
 99386 | Abyss:3  | Found a shimmering altar of Xom.
 99395 | Abyss:3  | Found a stormy altar of Qazlal.
 99422 | Abyss:3  | Found a shimmering altar of Xom.
 99476 | Abyss:3  | Found a white marble altar of Elyvilon.
 99665 | Abyss:3  | Paralysed by a great orb of eyes for 6 turns
100014 | Abyss:3  | Upgraded the game from 0.15.1-2-g8fbdab7 to 0.15.1-3-g1b33baa
100061 | Abyss:3  | Found a corrupted altar of Lugonu.
100829 | Abyss:3  | Found a corrupted altar of Lugonu.
100939 | Abyss:3  | Found a corrupted altar of Lugonu.
100944 | Abyss:3  | Got a sparkling glass ring
100945 | Abyss:3  | Identified the ring "Icwumaa" {rC+ rN+ SInv} (You found it on level 3 of the Abyss)
102008 | Abyss:3  | Reached skill level 15 in Spellcasting
102327 | Abyss:3  | Found a corrupted altar of Lugonu.
102735 | Abyss:3  | Found a corrupted altar of Lugonu.
102960 | Abyss:3  | Got an abyssal rune of Zot
102974 | Abyss:3  | Gained mutation: You often lose your temper in combat. [a neqoxec]
103036 | Depths:4 | Escaped the Abyss
103527 | Lair:2   | Learned a level 5 spell: Dispel Undead
103529 | Lair:2   | Learned a level 1 spell: Apportation
103847 | Zot:1    | Entered Level 1 of the Realm of Zot
104154 | Vaults:3 | Bought a scroll of magic mapping for 35 gold pieces
105285 | Vaults:3 | Bought a scroll of acquirement for 520 gold pieces
105285 | Vaults:3 | Bought a scroll of acquirement for 520 gold pieces
105294 | Vaults:3 | Got a fine amethyst amulet
105295 | Vaults:3 | Identified the amulet "Qyut" {rCorr -Cast Dex+3} (You acquired it on level 3 of the Vaults)
105793 | Depths:5 | Your ally Saint Roka died
107202 | Zot:5    | Entered Level 5 of the Realm of Zot
108115 | Zot:5    | Noticed an orb of fire
108122 | Zot:5    | Killed an orb of fire
108385 | Zot:5    | Noticed an orb of fire
108417 | Zot:5    | Gained mutation: Armour fits poorly on your strangely shaped body. [an orb of fire]
108421 | Zot:5    | Gained mutation: Your spells are a little easier to cast, but a little less powerful. [an orb of fire]
108437 | Zot:5    | Killed an orb of fire
108746 | Zot:5    | Noticed an orb of fire
108764 | Zot:5    | Gained mutation: You have an uncontrollable temper. [an orb of fire]
108772 | Zot:5    | Killed an orb of fire
108772 | Zot:5    | Reached skill level 15 in Necromancy
108776 | Zot:5    | Noticed an orb of fire
108805 | Zot:5    | Lost mutation: Your muscles are strong. (Str +2) [an orb of fire]
108845 | Zot:5    | Noticed an orb of fire
108880 | Zot:5    | Noticed an ancient lich
108938 | Zot:5    | Noticed an orb of fire
109284 | Zot:5    | Noticed an orb of fire
109305 | Zot:5    | Killed an ancient lich
109315 | Zot:5    | Killed an orb of fire
109318 | Zot:5    | Noticed an orb of fire
109318 | Zot:5    | Gained mutation: You are clumsy. (Dex -2) [an orb of fire]
109319 | Zot:5    | Gained mutation: Your body is slowly deteriorating. [an orb of fire]
109862 | Zot:5    | Gained mutation: You have difficulty communicating with the divine. [an orb of fire]
109864 | Zot:5    | Gained mutation: You are dopey. (Int -2) [an orb of fire]
109867 | Zot:5    | Gained mutation: Your spells are easier to cast, but less powerful. [an orb of fire]
109880 | Zot:5    | Lost mutation: You have supernaturally acute eyesight. [an orb of fire]
109896 | Zot:5    | Killed an orb of fire
110027 | Zot:5    | Lost mutation: Armour fits poorly on your strangely shaped body. [an orb of fire]
110045 | Zot:5    | Gained mutation: Your body is deteriorating. [an orb of fire]
110055 | Zot:5    | Gained mutation: Your vision is a little blurry. [an orb of fire]
110099 | Zot:5    | Killed an orb of fire
110394 | Zot:5    | Gained mutation: You are weak. (Str -2) [an orb of fire]
110413 | Zot:5    | Gained mutation: You are very dopey. (Int -4) [an orb of fire]
110417 | Zot:5    | Gained mutation: Potions and wands are less effective at restoring your health. [an orb of fire]
110420 | Zot:5    | Gained mutation: You are very clumsy. (Dex -4) [an orb of fire]
110436 | Zot:5    | Killed an orb of fire
110847 | Zot:5    | Lost mutation: You have an uncontrollable temper. [an orb of fire]
110859 | Zot:5    | Killed an orb of fire
111093 | Zot:5    | Noticed an orb of fire
111150 | Zot:5    | Gained mutation: Space occasionally distorts in your vicinity. [an orb of fire]
111384 | Zot:5    | Gained mutation: Your vision is quite blurry. [an orb of fire]
111398 | Zot:5    | HP: 4/172 [orb of fire/fireball (14)]
111399 | Zot:5    | Killed from afar by an orb of fire

Action                   |  1- 3 |  4- 6 |  7- 9 | 10-12 | 13-15 | 16-18 | 19-21 | 22-24 | 25-27 || total
-------------------------+-------+-------+-------+-------+-------+-------+-------+-------+-------++-------
Melee: Dagger            |    58 |   196 |   377 |   433 |       |       |       |       |       ||  1064
       Flail             |       |    14 |    12 |    11 |       |       |    17 |       |       ||    54
       Cutlass           |       |       |       |    38 |    17 |       |       |       |       ||    55
       Quick blade       |       |       |       |    94 |   641 |  1024 |  1012 |   830 |  1832 ||  5433
       Long sword        |       |       |       |       |       |       |       |    27 |       ||    27
       Short sword       |       |       |       |       |       |       |       |       |   517 ||   517
       Arbalest          |       |       |       |       |       |       |       |       |     1 ||     1
 Fire: Arbalest          |       |       |       |       |       |    31 |   141 |   444 |  1634 ||  2250
Throw: Tomahawk          |       |     4 |     3 |     6 |    10 |     5 |       |       |       ||    28
       Throwing net      |       |       |       |     1 |       |       |       |       |       ||     1
 Cast: Corona            |     9 |     9 |     3 |       |       |       |       |       |       ||    21
       Ensorcelled Hiber |    11 |    52 |    89 |   143 |   135 |   176 |    93 |    64 |    19 ||   782
       Animate Skeleton  |       |    12 |    47 |    48 |    64 |   192 |   164 |    59 |    71 ||   657
       Confuse           |       |     3 |    22 |    34 |    30 |    62 |    87 |    60 |    11 ||   309
       Blink             |       |       |       |     1 |    11 |     3 |     4 |    18 |     1 ||    38
       Sure Blade        |       |       |       |     4 |     6 |     6 |     9 |       |     1 ||    26
       Dazzling Spray    |       |       |       |     3 |    48 |    50 |   260 |   163 |   214 ||   738
       Enslavement       |       |       |       |       |     5 |     3 |     8 |     5 |     8 ||    29
       Metabolic Englaci |       |       |       |       |       |     9 |    12 |     2 |     2 ||    25
       Flight            |       |       |       |       |       |    16 |     2 |       |     1 ||    19
       Swiftness         |       |       |       |       |       |     1 |     1 |       |     1 ||     3
       Portal Projectile |       |       |       |       |       |       |    18 |    41 |    62 ||   121
       Repel Missiles    |       |       |       |       |       |       |     1 |     2 |     1 ||     4
       Control Undead    |       |       |       |       |       |       |     1 |       |       ||     1
       Animate Dead      |       |       |       |       |       |       |       |    46 |    42 ||    88
       Death Channel     |       |       |       |       |       |       |       |    20 |    14 ||    34
       Bolt of Draining  |       |       |       |       |       |       |       |    31 |    35 ||    66
       Phase Shift       |       |       |       |       |       |       |       |       |    33 ||    33
Invok: Shadow Step       |       |       |       |     5 |    12 |    21 |    11 |     9 |    12 ||    70
 Abil: Evoke Teleportati |       |       |       |       |     1 |     1 |     1 |     5 |    11 ||    19
       Evoke Invisibilit |       |       |       |       |    16 |    27 |    25 |     6 |     6 ||    80
       Turn Visible      |       |       |       |       |     2 |     7 |     4 |     1 |       ||    14
       Evoke Blink       |       |       |       |       |       |       |       |       |   126 ||   126
       Evoke Teleport Co |       |       |       |       |       |       |       |       |     1 ||     1
Evoke: Wand              |       |       |       |    14 |    18 |     9 |    23 |    27 |    52 ||   143
       Fan of gales      |       |       |       |       |       |       |       |     1 |     2 ||     3
       Crystal ball of e |       |       |       |       |       |       |       |    28 |    33 ||    61
       Stone of tremors  |       |       |       |       |       |       |       |     1 |       ||     1
       Phial of floods   |       |       |       |       |       |       |       |       |     4 ||     4
  Use: Scroll            |       |     2 |       |    21 |    24 |    13 |    10 |    15 |    48 ||   133
       Potion            |       |     4 |       |     4 |     7 |     5 |       |    12 |    17 ||    49
 Stab: Sleeping          |    10 |    29 |    76 |   142 |   216 |   341 |   155 |    91 |   103 ||  1163
       Distracted        |     1 |     1 |     1 |     2 |     8 |    16 |    20 |    19 |    51 ||   119
       Confused          |       |       |    10 |    16 |    14 |    23 |    28 |    21 |     2 ||   114
       Invisible         |       |       |       |       |    56 |    65 |   138 |    91 |    71 ||   421
  Eat: Chunk             |    11 |    11 |    21 |    18 |    48 |    71 |    61 |    56 |   117 ||   414
       Meat ration       |       |       |       |       |       |       |     1 |     2 |     7 ||    10
       Royal jelly       |       |       |       |       |       |       |     1 |     1 |     1 ||     3
       Beef jerky        |       |       |       |       |       |       |       |     3 |     5 ||     8
       Pizza             |       |       |       |       |       |       |       |       |     1 ||     1
